 Dungeon Crawl Stone Soup version 0.28.0-1-gb440e238dd (console) character file.

Game seed: 14358402971444419600

5898 Kloppie the Cleaver (level 10, -2/142 HPs)
             Began as a Minotaur Berserker on Feb 23, 2022.
             Was an Elder of Trog.
             Slain by a gnoll (7 damage)
             ... on level 9 of the Dungeon on Feb 26, 2022.
             The game lasted 00:15:20 (9747 turns).

Kloppie the Cleaver (Minotaur Berserker)            Turns: 9747, Time: 00:15:21

Health: -2/142     AC: 25    Str: 21 (22) XL:     10   Next: 53%
Magic:  9/9        EV:  2    Int:  1 (4)  God:    Trog [****..]
Gold:   501        SH:  0    Dex: 12 (14) Spells: 9/9 levels left

rFire   . . .      SeeInvis +   w - +0 war axe
rCold   . . .      Faith    .   (no shield)
rNeg    . . .      Spirit   .   (armour currently unavailable)
rPois   +          Reflect  .   (helmet currently unavailable)
rElec   .          Harm     .   (cloak currently unavailable)
rCorr   .          Rampage  .   (gloves currently unavailable)
Will    .....      NoTele   +   (boots currently unavailable)
Stlth   +.........              (no amulet)
HPRegen 0.33/turn               c - ring of see invisible
MPRegen 0.11/turn               (no ring)

@: brilliant, tree-form, attractive, studying Armour, very slow
A: stationary, stasis, torment immunity, boosted hp, (horns 2), (retaliatory
headbutt)
a: Renounce Religion, Berserk, Trog's Hand, Brothers in Arms


You were on level 9 of the Dungeon.
You worshipped Trog.
Trog was greatly pleased with you.
You were a tree.
You visited 1 branch of the dungeon, and saw 9 of its levels.

You collected 501 gold pieces.

Inventory:

Hand Weapons
 a - a +0 hand axe
 w - a +0 war axe (weapon)
 x - a +5 flail of protection
 E - a +4 scimitar of flaming
Missiles
 r - 19 poisoned darts (quivered)
 F - 2 throwing nets
Armour
 j - a +1 pair of gloves (melded)
 o - a +0 chain mail of cold resistance
 t - +0 acid dragon scales
 u - the +4 ring mail "Epaytum" (melded) {rPois}
   (You found it on level 4 of the Dungeon)

   rPois:     It protects you from poison.
 G - a +2 pair of boots (melded)
Jewellery
 c - a ring of see invisible (left branch)
 g - a ring of magical power
 k - a ring of ice
 l - a +6 ring of intelligence
 n - a ring of ice
 s - a +6 ring of intelligence
Wands
 m - a wand of iceblast (7)
 y - a wand of polymorph (1)
 z - a wand of digging (6)
Scrolls
 d - a scroll of identify
 i - a scroll of enchant armour
 p - a scroll of fear {unknown}
 C - a scroll of noise {unknown}
Potions
 b - a potion of haste
 e - a potion of invisibility
 f - a potion of attraction
 A - a potion of degeneration
 D - a potion of heal wounds {unknown}


   Skills:
 - Level 11.0 Fighting
 + Level 14.0 Axes
 - Level 10.0 Armour
 - Level 2.1 Dodging


You had 9 spell levels left.
You didn't know any spells.
Your spell library was empty.

Dungeon Overview and Level Annotations

Branches:
Dungeon (9/15)             Temple (0/1) D:4
   Lair: D:8-11         Orc: D:9-12

Altars:
Ashenzari
Cheibriados
Dithmenos
Elyvilon
Fedhas
Hepliaklqana
Okawaru
Trog
Uskayaw
Vehumet
Wu Jian
Xom

Shops:
D:3 (   D:5 *


Innate Abilities, Weirdness & Mutations

You are a tree.
Your roots penetrate the ground, keeping you stationary.
You cannot be teleported.
You are immune to unholy pain and torment.
Your maximum health is greatly increased.
Your equipment is partially melded.
((You have a pair of horns on your head.))
((You reflexively headbutt those who attack you in melee.))


Message History

The gnoll hits you from afar with a +0 halberd.
* * * LOW HITPOINT WARNING * * *
The gnoll sergeant hits you but does no damage.
Your Axes skill increases to level 14!
You feel better.
You are engulfed in a cloud of scalding steam.
The gnoll hits you but does no damage. x2
The gnoll hits you from afar with a +0 halberd.
* * * LOW HITPOINT WARNING * * *
The gnoll sergeant hits you with a +0 vorpal trident.
* * * LOW HITPOINT WARNING * * *
x2
As you read the scroll labelled ZECIPL XACVOOB, it crumbles to dust.
You feel a surge of unholy energy.
The gnoll convulses!
The gnoll sergeant convulses!
The gnoll convulses! x2; It was a scroll of torment.
You are engulfed in a cloud of scalding steam.
The gnoll hits you but does no damage. x2
The gnoll sergeant hits you but does no damage.
As you read the scroll labelled YMIJU NATY, it crumbles to dust.
It is a scroll of enchant armour.
Your +0 pair of gloves glows green for a moment.
You are engulfed in a cloud of scalding steam.
The gnoll hits you but does no damage. x2
The gnoll hits you from afar with a +0 halberd.
* * * LOW HITPOINT WARNING * * *
The gnoll sergeant hits you but does no damage.
Okay, then.
It was a potion of attraction.
You feel attractive to monsters.
The gnoll hits you but does no damage. x3
The gnoll sergeant is engulfed in a cloud of scalding steam.
The gnoll sergeant hits you but does no damage.
It was a potion of degeneration.
There was something very wrong with that liquid.
You feel weakened.
You feel dopey.
You feel clumsy. The gnoll hits you but does no damage.
The gnoll barely misses you.
The gnoll sergeant hits you but does no damage.
It was a potion of brilliance.
You feel clever all of a sudden.
The gnoll hits you but does no damage. x2
The gnoll hits you from afar with a +0 halberd!
You die...

########################
........................
...........####.........
.........).# #.........
...........# #..####...
...≈.g.....# #..####...
...≈..g≈≈..####.........
≈≈≈#g≈♣................
≈....≈)g................
≈≈.......###########'###
.≈≈≈....#.?.............
...≈≈≈..................
.........≈..............
........≈≈..............
........#≈.....##(.####.
########......##..####.
#..................
#........>.........


You could see a gnoll sergeant and 3 gnolls.

Vanquished Creatures
  Erica (D:8)
  A centaur warrior (D:8)
  The ghost of Destapler the Skirmisher, a novice DsFi of Qazlal (D:5)
  Maggie (D:9)
  A troll (D:9)
  A hornet (D:9)
  A slime creature (D:8)
  Sigmund (D:3)
  3 steam dragons (D:8)
  Edmund (D:4)
  An acid dragon (D:8)
  A water moccasin (D:5)
  4 black bears
  4 ice beasts
  2 ogres
  A centaur (D:9)
  A phantom (D:6)
  The ghost of Vruhak the Covered, an amateur GrFi (D:3)
  A kobold brigand (D:3)
  3 bullfrogs
  A scorpion (D:6)
  A water moccasin zombie (D:5)
  2 water moccasin skeletons
  6 wights (D:7)
  A bullfrog zombie (D:6)
  2 hounds
  A jelly (D:5)
  2 centaur skeletons
  2 centaur zombies
  An orc priest (D:3)
  2 bullfrog skeletons (D:5)
  2 iguanas
  Terence (D:3)
  2 killer bee zombies
  Robin (D:2)
  9 gnolls
  A howler monkey skeleton (D:6)
  15 adders
  3 shadow imps
  3 worms
  2 dart slugs
  17 orcs
  6 bats
  8 endoplasms
  A giant cockroach (D:3)
  13 goblins
  11 hobgoblins
  12 jackals
  15 kobolds
  3 quokkas
  8 ball pythons
  4 frilled lizards
  10 rats
199 creatures vanquished.

Vanquished Creatures (others)
  2 fungi (D:3)
  2 plants (D:3)
4 creatures vanquished.

Grand Total: 203 creatures vanquished

Notes
Turn   | Place    | Note
-------+----------+-------------------------------------------
     0 | D:1      | Kloppie the Minotaur Berserker began the quest for the Orb.
     0 | D:1      | Reached XP level 1. HP: 19/19 MP: 0/0
   112 | D:1      | Reached skill level 4 in Axes
   118 | D:1      | Reached XP level 2. HP: 12/27 MP: 1/1
   677 | D:1      | Reached XP level 3. HP: 26/34 MP: 2/2
   858 | D:1      | Reached ** piety under Trog
  1176 | D:2      | Found a snail-covered altar of Cheibriados.
  1394 | D:2      | Noticed Robin
  1398 | D:2      | Reached XP level 4. HP: 41/41 MP: 3/3
  1406 | D:2      | Reached skill level 5 in Fighting
  1407 | D:2      | Reached skill level 5 in Axes
  1417 | D:2      | Killed Robin
  1733 | D:2      | Found a faded altar of an unknown god.
  2211 | D:3      | Noticed Sigmund
  2413 | D:3      | Killed Sigmund
  2414 | D:3      | Reached skill level 6 in Axes
  2414 | D:3      | Reached XP level 5. HP: 51/51 MP: 4/4
  2414 | D:3      | Reached XP level 6. HP: 58/58 MP: 5/5
  2504 | D:3      | Reached *** piety under Trog
  2914 | D:3      | Noticed Terence
  2918 | D:3      | Killed Terence
  3004 | D:3      | Found a runed translucent gate.
  3004 | D:3      | Noticed Vruhak's ghost (amateur GrFi)
  3005 | D:3      | Found a runed translucent gate.
  3005 | D:3      | Found a runed translucent gate.
  3079 | D:3      | Found a broken altar of Ashenzari.
  3095 | D:3      | Reached skill level 7 in Axes
  3471 | D:3      | Found Diazen Howy's Weapon Shoppe.
  3494 | D:3      | Found an ornate altar of the Wu Jian Council.
  3701 | D:3      | Reached XP level 7. HP: 66/66 MP: 6/6
  3708 | D:3      | Killed Vruhak's ghost
  3769 | D:4      | Found a staircase to the Ecumenical Temple.
  3979 | D:4      | Identified the +4 ring mail "Epaytum" {rPois}
  4156 | D:4      | Found a shimmering altar of Xom.
  4451 | D:4      | Noticed Edmund
  4461 | D:4      | Killed Edmund
  4462 | D:4      | Reached skill level 8 in Axes
  4617 | D:4      | Found a bloodstained altar of Trog.
  5039 | D:5      | Entered Level 5 of the Dungeon
  5110 | D:5      | Reached XP level 8. HP: 59/77 MP: 7/7
  5120 | D:5      | Reached skill level 9 in Axes
  5354 | D:5      | Found Necyet's Mass Market.
  5558 | D:5      | Found a hazy altar of Hepliaklqana.
  5559 | D:5      | Found a white marble altar of Elyvilon.
  5562 | D:5      | Found a radiant altar of Vehumet.
  5798 | D:5      | Found a runed translucent gate.
  5799 | D:5      | Found a runed translucent gate.
  5800 | D:5      | Found a runed translucent gate.
  5801 | D:5      | Noticed Destapler's ghost (novice DsFi)
  6005 | D:5      | Killed Destapler's ghost
  6006 | D:5      | Reached skill level 10 in Fighting
  6006 | D:5      | Reached skill level 10 in Axes
  6342 | D:6      | Found a hide-covered altar of Uskayaw.
  6342 | D:6      | Found a blossoming altar of Fedhas.
  6349 | D:6      | Found a shimmering altar of Xom.
  6354 | D:6      | Reached XP level 9. HP: 86/86 MP: 8/8
  6362 | D:6      | Reached **** piety under Trog
  6742 | D:6      | Reached skill level 11 in Axes
  7341 | D:7      | Found a shadowy altar of Dithmenos.
  7699 | D:7      | Reached skill level 5 in Armour
  7909 | D:8      | Reached skill level 12 in Axes
  7968 | D:8      | Noticed a centaur warrior
  8489 | D:8      | Killed a centaur warrior
  8490 | D:8      | Reached XP level 10. HP: 50/95 MP: 9/9
  8907 | D:8      | Noticed Erica
  8920 | D:8      | Killed Erica
  8921 | D:8      | Reached skill level 13 in Axes
  9664 | D:9      | Found an iron altar of Okawaru.
  9677 | D:9      | Reached skill level 10 in Armour
  9718 | D:9      | Noticed Maggie
  9741 | D:9      | Killed Maggie
  9741 | D:9      | HP: 5/142 [gnoll (6)]
  9742 | D:9      | Reached skill level 14 in Axes
  9747 | D:9      | Slain by a gnoll

Illustrated notes

Levels and vault maps discovered:
D:1:      elethiomel_arrival_infinity_welcomes_careful_drivers, layout_basic
D:2:      layout_rooms, ebering_ecumenical_altar_mist, basic_altar,
          grunt_decor_one_mirror, cheibrodos_gnoll_hut, uniq_robin
D:3:      layout_loops_ring, mainiacjoe_overflow_tiny_flanked,
          nicolae_wu_jian_immortal_techniques, gammafunk_ghost_nasty_kobolds,
          serial_shops, nicolae_shop_crystal, minmay_increasing_density,
          uniq_sigmund, uniq_terence
D:4:      layout_basic, lightli_temple_of_fire,
          mainiacjoe_overflow_six_doors_small,
          minmay_temple_entry_drinking_statues, uniq_edmund
D:5:      layout_basic, grunt_temple_overflow_open, gammafunk_ghost_necromancy,
          minmay_shop_mass
D:6:      layout_cave_pools, jmf_multi_god_temple, serial_column_ruins,
          column_ruins_circle_medium, column_ruins_columns_straight,
          column_ruins_corridor_straight, column_ruins_open_tiny,
          column_ruins_open_small, column_ruins_columns_water,
          grunt_ministairs_3, minmay_ruined_shrine
D:7:      layout_rooms, mainiacjoe_overflow_alcove_2
D:8:      layout_gridville, minmay_manual_moon, uniq_erica
D:9:      layout_stronghold, okawaru_metal_pillars_1_2,
          chequers_serial_rivers_small_b, dk_noncrumbling_3,
          uniq_prince_ribbit1, uniq_maggie

Skill      XL: |  1  2  3  4  5  6  7  8  9 10 |
---------------+-------------------------------+-----
Fighting       | 4 6 7 8 10 11 | 11.0
Axes           | 4 6 7 8 10 12 14 | 14.0
Armour         | 6 10 | 10.0
Dodging        | |  2.1

Action                   |  1- 3 |  4- 6 |  7- 9 | 10-12 || total
-------------------------+-------+-------+-------+-------++-------
Melee: Hand axe          |    83 |   159 |    41 |       ||   283
       Headbutt          |    10 |    24 |    50 |    10 ||    94
       Punch             |       |     2 |     2 |     1 ||     5
       War axe           |       |       |   174 |    59 ||   233
Invok: Berserk           |     2 |     4 |     2 |     1 ||     9
       Trog's Hand       |       |     1 |     1 |     1 ||     3
  Use: Scroll            |       |       |    12 |     2 ||    14
       Potion            |       |       |     1 |     5 ||     6
 Stab: Sleeping          |       |     1 |       |       ||     1
Armor: Animal skin       |    10 |       |       |       ||    10
       Leather armour    |     9 |    13 |       |       ||    22
       Plate armour      |       |    44 |       |       ||    44
       Chain mail        |       |     9 |     7 |       ||    16
       Ring mail         |       |       |   106 |    32 ||   138
       Skin              |       |       |       |    31 ||    31
Dodge: Dodged            |    46 |    52 |   129 |    46 ||   273
